 Dungeon Crawl Stone Soup version 0.32-a0-460-gc8eefc90e7 (webtiles) character file.

Game seed: 9749327487969776994

198 Morbidden the Shooter (level 6, -3/46 HPs)
             Began as a Formicid Hunter on Feb 24, 2024.
             Was an Initiate of Cheibriados.
             Slain by a black bear (5 damage)
             ... on level 7 of the Dungeon.
             The game lasted 00:03:07 (3099 turns).

Morbidden the Shooter (Formicid Hunter)             Turns: 3099, Time: 00:03:08

Health: -3/46      AC:  4    Str: 17    XL:     6   Next: 6%
Magic:  6/6        EV: 12    Int: 15    God:    Cheibriados [......]
Gold:   128        SH:  0    Dex: 20    Spells: 5/5 levels left

rFire   . . .        a - +0 shortbow
rCold   . . .        (no shield)
rNeg    . . .        c - +0 leather armour
rPois   .            (helmet unavailable)
rElec   .            (no cloak)
rCorr   .            k - +0 pair of gloves
SInv    +            (no boots)
Will    +....        (no amulet)
Stlth   ++           d - ring of willpower
HPRegen 0.27/turn    f - +6 ring of intelligence
MPRegen 0.10/turn

%: no passive effects
@: very slow
A: permanent stasis, dig shafts and tunnels, antennae 3, four strong arms
a: Dig, Shaft Self, Renounce Religion


You were on level 7 of the Dungeon.
You worshipped Cheibriados.
Cheibriados was noncommittal.
You visited 2 branches of the dungeon, and saw 6 of its levels.

You collected 128 gold pieces.

Inventory:

Hand Weapons
 a - a +0 shortbow (weapon)
 b - a +0 dagger of draining
 l - a +0 falchion
Armour
 c - a +0 leather armour (worn)
 k - a +0 pair of gloves (worn)
Jewellery
 d - a ring of willpower (left hand)
 f - a +6 ring of intelligence (right hand)
 q - a ring of ice
Scrolls
 g - 3 scrolls of teleportation {unknown}
 i - a scroll of vulnerability {unknown}
 m - a scroll of amnesia {unknown}
 n - a scroll of noise {unknown}
 o - a scroll of immolation {unknown}
Potions
 h - a potion of brilliance {unknown}
 j - a potion of cancellation {unknown}


   Skills:
 * Level 2.9 Fighting
 * Level 0.4(0.6) Short Blades
 * Level 0.3(0.5) Long Blades
 * Level 5.9 Ranged Weapons
 * Level 1.8 Armour
 * Level 2.2 Dodging
 + Level 1.2 Stealth


You had 5 spell levels left.
You didn't know any spells.
Your spell library contained the following spells:

 Spells                   Type           Power      Damage    Failure   Level
 Call Canine Familiar     Summ           0%         N/A       67%         3
 Sigil of Binding         Hex            0%         N/A       67%         3
 Dimensional Bullseye     Hex/Tloc       0%         N/A       97%         4


Dungeon Overview and Level Annotations

Branches:
Dungeon (7/15)             Temple (1/1) D:7

Altars:
Ashenzari
Cheibriados
Dithmenos
Gozag
Hepliaklqana
Kikubaaqudgha
Makhleb
Nemelex Xobeh
Okawaru
Qazlal
Sif Muna
Trog
Vehumet
Yredelemnul
Zin

Shops:
D:1 (

Annotations:
D:3 Grinder


Innate Abilities, Weirdness & Mutations

You cannot be hasted, slowed, berserked, paralysed or teleported.
You can dig through walls and to a lower floor.
You have a pair of large antennae on your head. (SInv)
Your four strong arms can wield two-handed weapons with a shield.


Message History

The black bear is heavily wounded.
The black bear bites you! The black bear claws you. x2
Unknown command.
You shoot an arrow.
The arrow hits the black bear but does no damage.
The black bear is heavily wounded.
The black bear barely misses you.
The black bear claws you but does no damage.
The black bear closely misses you. The black bear bites you.
* * * LOW HITPOINT WARNING * * *
The black bear claws you.
* * * LOW HITPOINT WARNING * * *
The black bear claws you but does no damage.
You shoot an arrow. The arrow hits the black bear!
The black bear is severely wounded.
The black bear goes berserk!
Unknown command.
Unknown command.
You shoot an arrow. The arrow hits the black bear!
The black bear is almost dead.
The black bear bites you.
* * * LOW HITPOINT WARNING * * *
The black bear closely misses you. The black bear claws you.
* * * LOW HITPOINT WARNING * * *
Unknown command.
Unknown command.
Unknown command.
You shoot an arrow. The arrow barely misses the black bear.
The black bear completely misses you. The black bear claws you.
* * * LOW HITPOINT WARNING * * *
The black bear claws you but does no damage.
The black bear completely misses you. The black bear closely misses you.
The black bear barely misses you.
Unknown command.
Unknown command.
Unknown command.
You shoot an arrow. The arrow barely misses the black bear.
The black bear barely misses you. The black bear claws you.
You die...
Cheibriados appreciates the motionlessness of death.

...,* *,,,,,**,*,*,*,**,****,,,
#.##### *,,,,,...#...*,*,,,,,,,,,
#h##### #!..,,......,*,,,,,,,,,,,
#{##### #...,*.....*,,,,,,,,,,,,,
#.##### #..,*#....,**,,,,,**,*,,,
#.##### #..##..#.#,,**,,,,**,*,,,
#.##### #.##..##.##,,**.,***,*,,,
#{##### #....##.h.##....,* *,*,,,
..{<#####.......@.......,* *,*,*,
#.#.####.....##...##....,***,,,,,
#.........##$.##.##,,**.,,,,,**,,
###.#####..##.S#.#,,**,,****,**,*
###.### ##..##....,**,,,****,**,*
T...### *#..#.....*,,,,,,,,,,,,,
####### *#........,*,,****,**,,
####### *#####....,,,****,**,,
*##**,,,,,,,,**,,


You could see a black bear (berserk).

Vanquished Creatures
  A scorpion (D:4)
  4 adders
  2 gnolls
  2 ribbon worms (D:2)
  A dart slug (D:2)
  10 orcs (D:3)
  9 endoplasms
  2 giant cockroaches
  4 goblins
  6 hobgoblins
  3 quokkas
  5 ball pythons
  5 bats
  A frilled lizard (D:2)
  6 kobolds
  3 rats
64 creatures vanquished.

Notes
Turn   | Place    | Note
-------+----------+-------------------------------------------
     0 | D:1      | Morbidden the Formicid Hunter began the quest for the Orb.
     0 | D:1      | Reached XP level 1. HP: 16/16 MP: 1/1
     6 | D:1      | Noticed a basilisk
     6 | D:1      | Noticed an imperial myrmidon
     7 | D:1      | Noticed a yaktaur captain
   302 | D:1      | Found Hojis's Antique Weapon Emporium.
   441 | D:1      | Reached XP level 2. HP: 21/22 MP: 2/2
   905 | D:2      | Reached XP level 3. HP: 27/27 MP: 3/3
  1254 | D:2      | Reached skill level 5 in Ranged Weapons
  1254 | D:2      | Reached XP level 4. HP: 33/33 MP: 4/4
  1276 | D:2      | Reached skill level 1 in Armour
  2011 | D:3      | Reached XP level 5. HP: 39/39 MP: 5/5
  2275 | D:3      | Noticed Grinder
  2283 | D:3      | You fall into a shaft and drop 1 floor!
  2808 | D:3      | You fall into a shaft and drop 1 floor!
  2830 | D:4      | Reached XP level 6. HP: 31/46 MP: 6/6
  2969 | D:4      | Noticed a black bear
  2980 | D:4      | You fall into a shaft and drop 3 floors!
  3032 | D:7      | Noticed a troll
  3037 | D:7      | Noticed a black bear
  3047 | D:7      | Found a staircase to the Ecumenical Temple.
  3048 | D:7      | Noticed a water moccasin
  3056 | Temple   | Entered the Ecumenical Temple
  3078 | Temple   | Became a worshipper of Cheibriados the Contemplative
  3098 | D:7      | HP: 2/46 [black bear (4)]
  3099 | D:7      | Slain by a black bear

Illustrated notes

Levels and vault maps discovered:
D:1:      onia_arrival_zoo_common, layout_loops_corners, serial_shops, shop
D:2:      layout_basic, nrook_mini_backslash
D:3:      layout_loops_ring, uniq_grinder
D:4:      layout_loops_ring, minmay_misc_feat_cross
D:7:      layout_loops_cross, minmay_temple_entry_waves, enter_bailey_2,
          minmay_manual_monolith
Temple:   eino_wide_crystal_templ

Skill      XL: |  1  2  3  4 |
---------------+-------------+-----
Dodging        | 2 |  2.2
Ranged Weapons | 5 |  5.9
Armour         | 1 |  1.8
Fighting       | |  2.9
Short Blades   | |  0.4
Long Blades    | |  0.3
Stealth        | |  1.2

Action                     |  1- 3 |  4- 6 || total
---------------------------+-------+-------++-------
  Melee: Dagger            |       |    20 ||    20
   Fire: Shortbow          |    72 |   135 ||   207
Ability: Shaft Self        |       |     2 ||     2
    Use: Scroll            |       |     4 ||     4
 Armour: Leather armour    |     6 |    68 ||    74
  Dodge: Dodged            |     9 |    51 ||    60

Table legend: (Time is in decaauts)
 A = Elapsed time spent in this place.
 B = Non-inter-level travel time spent in this place.
 C = Inter-level travel time spent in this place.
 D = Time resting spent in this place.
 E = Time spent auto-exploring this place.
 F = Levels seen in this place.
 G = Mean time per level.
                   A        B        C        D        E       F      G
               +--------+--------+--------+--------+--------+-----+--------+
         Total |   3134 |   3070 |     64 |    346 |   2219 |   6 |  522.3 |
       Dungeon |   3095 |   3031 |     64 |    346 |   2219 |   5 |  619.0 |
        Temple |     38 |     38 |      0 |      0 |      0 |   1 |   38.0 |
               +--------+--------+--------+--------+--------+-----+--------+

Top non-repeatable levels by time:
     D:2: 1095 daAuts
     D:1: 724 daAuts
     D:3: 691 daAuts
     D:4: 500 daAuts
     D:7: 83 daAuts
  Temple: 38 daAuts
